 Dungeon Crawl Stone Soup version 0.30-a0-1074-g5db6f66fbb (webtiles) character file.

Game seed: 16245419662040647204

1057 Hubris850 the Sneak (level 8, -11/36 HPs)
             Began as a Vine Stalker Enchanter on Apr 13, 2023.
             Killed from afar by a steam dragon (25 damage)
             ... with a ball of steam
             ... on level 6 of the Dungeon.
             The game lasted 00:10:41 (3973 turns).

Hubris850 the Sneak (Vine Stalker Enchanter)        Turns: 3973, Time: 00:10:42

Health: -11/36     AC:  8    Str: 12    XL:     8   Next: 27%
Magic:  0/16       EV: 12    Int: 24    God:
Gold:   309        SH:  0    Dex:  9    Spells: 8/16 levels left

rFire   x . .      SeeInvis +    D - +2 hand axe "Beetlebane" {spect, rF- Int+7 Dex-5 SInv}
rCold   . . .      Faith    .    (no shield)
rNeg    . . .      Spirit   +    b - +0 robe
rPois   .          Reflect  .    (no helmet)
rElec   .          Rampage  .    E - +1 cloak
rCorr   +                        (no gloves)
Will    +....                    (no boots)
Stlth   +++                      (no amulet)
HPRegen 1.06/turn                t - +4 ring of protection
MPRegen 0.15/turn                u - ring of resist corrosion

@: no status effects
A: fangs 3, regeneration 1, magic shield, antimagic bite, no potion heal 2
a: no special abilities


You were on level 6 of the Dungeon.
You visited 1 branch of the dungeon, and saw 6 of its levels.

You collected 309 gold pieces.

Inventory:

Hand Weapons
 a - a +1 dagger
 s - a +1 short sword of electrocution
 D - the +2 hand axe "Beetlebane" (weapon) {spect, rF- Int+7 Dex-5 SInv}
   (You found it on level 5 of the Dungeon)

   Int:       It affects your intelligence (+7).
   Dex:       It affects your dexterity (-5).
   rF:        It makes you vulnerable to fire.
   SInv:      It lets you see invisible.
Missiles
 e - 10 poisoned darts (quivered)
Armour
 b - a +0 robe (worn)
 B - a +0 leather armour of positive energy
 E - a +1 cloak (worn)
Magical Staves
 h - a staff of fire
Jewellery
 t - a +4 ring of protection (left hand)
 u - a ring of resist corrosion (right hand)
Wands
 C - a wand of iceblast (2)
Scrolls
 d - 2 scrolls of blinking {unknown}
 f - 8 scrolls of identify {unknown}
 j - a scroll of amnesia {unknown}
 n - a scroll of poison {unknown}
 p - a scroll of fog {unknown}
 q - a scroll of teleportation {unknown}
 r - a scroll of noise {unknown}
 y - a scroll of torment {unknown}
 A - a scroll of enchant weapon {unknown}
Potions
 c - 3 potions of invisibility
 g - 3 potions of degeneration {unknown}
 i - a potion of berserk rage {unknown}
 k - 3 potions of attraction {unknown}
 l - 2 potions of heal wounds {unknown}
 m - a potion of ambrosia {unknown}
 o - a potion of magic {unknown}
 v - a potion of might {unknown}
 w - 3 potions of curing {unknown}
 x - a potion of mutation {unknown}
 z - a potion of cancellation {unknown}


   Skills:
 - Level 0.8 Short Blades
 + Level 3.7 Dodging
 + Level 6.6 Stealth
 + Level 3.8 Unarmed Combat
 + Level 4.7 Spellcasting
 + Level 5.1 Hexes


You had 8 spell levels left.
You knew the following spells:

 Your Spells              Type           Power      Damage    Failure   Level
a - Ensorcelled Hibernat  Hex/Ice        36%        N/A       4%          2
b - Confusing Touch       Hex            30%        N/A       3%          3
c - Tukima's Dance        Hex            30%        N/A       3%          3

Your spell library contained the following spells:

 Spells                   Type           Power      Damage    Failure   Level
 Dazzling Flash           Conj/Hex       36%        N/A       10%         3
 Cigotuvi's Dreadful Rot  Necr/Pois/Air  10%        N/A       14%         2
 Animate Dead             Necr           5%         N/A       65%         4
 Agony                    Necr           5%         N/A       94%         5
 Borgnjor's Vile Clutch   Necr/Erth      2%         N/A       94%         5
 Death Channel            Necr           2%         N/A       100%        6
 Chain Lightning          Conj/Air       2%         3d3       100%        9


Dungeon Overview and Level Annotations

Branches:
Dungeon (6/15)
 Temple: D:4-7

Altars:
Ashenzari


Innate Abilities, Weirdness & Mutations

You have razor-sharp teeth.
Your natural rate of healing is unusually fast.
When hurt, damage is shared between your health and your magic reserves.
Your bite disrupts and absorbs the magic of your enemies.
Potions cannot restore your health.


Message History

Your +2 hand axe "Beetlebane" {spect, rF- Int+7 Dex-5 SInv} closely misses the kobold brigand.
The centaur shoots an arrow.
The arrow barely misses your +2 hand axe "Beetlebane" {spect, rF- Int+7 Dex-5 SInv}.
The arrow hits you. The steam dragon breathes steam at you.
The ball of steam hits your +2 hand axe "Beetlebane" {spect, rF- Int+7 Dex-5 SInv}.
Your +2 hand axe "Beetlebane" {spect, rF- Int+7 Dex-5 SInv} resists.
Your spectral weapon shares its damage with you!
The ball of steam hits you! The steam scalds you terribly!
The kobold hits you with a +0 club.
The kobold brigand hits you with a +1 dagger of venom.
An adder comes into view.
You hear a shout! x2
Unknown command.
Casting: Tukima's Dance (dangerous; 3% risk of failure)
Confirm with . or Enter, or press ? or * to list all spells.
Aiming: Tukima's Dance (dangerous; 3% risk of failure)
Press: ? - help, Shift-Dir - straight line, f - kobold brigand
Aim: a kobold brigand, wielding a +1 dagger of venom and quivering poisoned darts (lightly wounded, chance to affect: 60%)
The +1 dagger of venom dances into the air!
The kobold hits you but does no damage. The kobold brigand closely misses you.
You hit the kobold brigand.
You punch the kobold brigand, but do no damage.
The kobold brigand is moderately wounded.
You hit the kobold.
You kill the kobold!
Your +2 hand axe "Beetlebane" {spect, rF- Int+7 Dex-5 SInv} hits the kobold brigand.
Your +2 hand axe "Beetlebane" {spect, rF- Int+7 Dex-5 SInv} hits the steam dragon.
Your +2 hand axe "Beetlebane" {spect, rF- Int+7 Dex-5 SInv} barely misses the kobold.
The centaur shoots an arrow.
The arrow hits your +2 hand axe "Beetlebane" {spect, rF- Int+7 Dex-5 SInv}!
Your spectral weapon shares its damage with you!
The centaur shoots an arrow.
The arrow misses your +2 hand axe "Beetlebane" {spect, rF- Int+7 Dex-5 SInv}.
The arrow hits you. The steam dragon breathes steam at you.
The ball of steam misses your +2 hand axe "Beetlebane" {spect, rF- Int+7 Dex-5 SInv}.
The ball of steam hits you!! The steam scalds you terribly!
Ouch! That really hurt!
You die...

.# .# .. .# #
.###.#. #. (......
#.# ######)......
#.# #....@KK#
#.####.####(.#
#......# .D#
#......# .c..
#......# .....
#......### S..Y...
#.........#.......
##.....####.###...
#####.....#..


You could see a steam dragon (catching breath), an ice beast, a kobold brigand
(ally target), a centaur, an adder, a kobold, a friendly +2 hand axe
"Beetlebane" {spect, rF- Int+7 Dex-5 SInv} (summoned) and a friendly +1 dagger
of venom.

Vanquished Creatures
  Pikel (D:5)
  A phantom (D:4)
  A lemure (D:5)
  A hound (D:4)
  A sleepcap (D:5)
  4 iguanas
  6 orc wizards
  8 adders
  An ufetubus (D:4)
  4 worms
  15 orcs
  9 endoplasms
  4 giant cockroaches
  6 hobgoblins
  5 jackals
  8 kobolds
  6 quokkas
  8 ball pythons
  3 bats
  8 frilled lizards
  11 goblins
  4 rats (D:1)
115 creatures vanquished.

Vanquished Creatures (collateral kills)
  An orc priest (D:5)
1 creature vanquished.

Vanquished Creatures (others)
  A dancing weapon (D:5)
1 creature vanquished.

Grand Total: 117 creatures vanquished

Notes
Turn   | Place    | Note
-------+----------+-------------------------------------------
     0 | D:1      | Hubris850 the Vine Stalker Enchanter began the quest for
                  | the Orb.
     0 | D:1      | Reached XP level 1. HP: 9/9 MP: 4/4
   120 | D:1      | Reached XP level 2. HP: 13/13 MP: 6/6
   283 | D:1      | Reached skill level 4 in Stealth
   344 | D:1      | Reached XP level 3. HP: 15/16 MP: 7/7
   777 | D:2      | Learned a level 2 spell: Ensorcelled Hibernation
   781 | D:2      | Learned a level 3 spell: Confusing Touch
   854 | D:2      | Reached skill level 1 in Unarmed Combat
   854 | D:2      | Gained mutation: Your natural rate of healing is unusually
                  | fast. [Vine Stalker growth]
   854 | D:2      | Reached XP level 4. HP: 21/21 MP: 7/9
  1140 | D:2      | Got the Atlas of Galvanic Darkness
  1167 | D:2      | Learned a level 3 spell: Tukima's Dance
  1757 | D:3      | Reached XP level 5. HP: 22/24 MP: 8/10
  2217 | D:4      | Noticed a phantom
  2229 | D:4      | Reached skill level 5 in Stealth
  2264 | D:4      | Killed a phantom
  2265 | D:4      | Reached XP level 6. HP: 11/28 MP: 7/12
  2269 | D:4      | Found a broken altar of Ashenzari.
  2817 | D:5      | Entered Level 5 of the Dungeon
  3120 | D:5      | Reached XP level 7. HP: 32/32 MP: 4/13
  3183 | D:5      | Noticed Pikel
  3201 | D:5      | Killed Pikel
  3202 | D:5      | Reached skill level 6 in Stealth
  3202 | D:5      | Reached skill level 5 in Hexes
  3202 | D:5      | Gained mutation: You have razor-sharp teeth. [Vine Stalker
                  | growth]
  3202 | D:5      | Reached XP level 8. HP: 10/36 MP: 3/15
  3479 | D:5      | Identified the +2 hand axe "Beetlebane" {spect, rF- Int+7
                  | Dex-5 SInv}
  3973 | D:6      | Killed from afar by a steam dragon

Illustrated notes

Levels and vault maps discovered:
D:1:      saegor_arrival_simple_e, layout_basic, minmay_lizard_pond
D:2:      layout_basic
D:3:      layout_basic, chequers_avenue, serial_bayou_pond_e,
          corexii_item_surrounded_by_moat
D:4:      layout_basic, mainiacjoe_overflow_surrounded_room
D:5:      layout_basic, uniq_pikel
D:6:      layout_basic, minitemple, uniq_eustachio

Skill      XL: |  1  2  3  4  5  6  7 |
---------------+----------------------+-----
Stealth        | 4 5 6 |  6.6
Dodging        | 2 3 |  3.7
Unarmed Combat | 1 2 3 |  3.8
Spellcasting   | 3 4 |  4.7
Hexes          | 4 5 |  5.1
Short Blades   | |  0.8

Action                     |  1- 3 |  4- 6 |  7- 9 || total
---------------------------+-------+-------+-------++-------
  Melee: Dagger            |    73 |    57 |       ||   130
         Bite              |    22 |    48 |    21 ||    91
         Punch             |     1 |     8 |     2 ||    11
         Short sword       |       |   160 |    41 ||   201
         Hand axe          |       |       |    35 ||    35
   Cast: Confusing Touch   |       |     2 |     1 ||     3
         Tukima's Dance    |       |     2 |     3 ||     5
   Stab: Sleeping          |    12 |    13 |     2 ||    27
         Distracted        |       |     1 |       ||     1
 Armour: Robe              |     6 |    71 |    23 ||   100
  Dodge: Dodged            |    33 |   120 |    51 ||   204

Table legend: (Time is in decaauts)
 A = Elapsed time spent in this place.
 B = Non-inter-level travel time spent in this place.
 C = Inter-level travel time spent in this place.
 D = Time resting spent in this place.
 E = Time spent auto-exploring this place.
 F = Levels seen in this place.
 G = Mean time per level.
                   A        B        C        D        E       F      G
               +--------+--------+--------+--------+--------+-----+--------+
         Total |   3968 |   3870 |     98 |     90 |   2931 |   6 |  661.3 |
       Dungeon |   3968 |   3870 |     98 |     90 |   2931 |   6 |  661.3 |
               +--------+--------+--------+--------+--------+-----+--------+

Top non-repeatable levels by time:
     D:5: 1105 daAuts
     D:2: 849 daAuts
     D:4: 724 daAuts
     D:1: 723 daAuts
     D:3: 508 daAuts
     D:6: 57 daAuts
